 Dungeon Crawl Stone Soup version 0.30.1-4-g462c640d31 (webtiles) character file.

Game seed: 16186160792876485525

556731 Peloso the Minotaur Barricade (level 25, -19/385 HPs)
             Began as a Minotaur Fighter on Aug 12, 2023.
             Was the Champion of Okawaru.
             Demolished by a rockslime (26 damage)
             ... created by the Royal Jelly
             ... on level 5 of the Pits of Slime.
             The game lasted 03:48:52 (70920 turns).

Peloso the Minotaur Barricade (Minotaur Fighter)   Turns: 70920, Time: 03:48:53

Health: -19/385    AC: 20    Str: 35    XL:     25   Next: 22%
Magic:  40/40      EV: 13    Int:  6    God:    Okawaru [******]
Gold:   5953       SH: 14    Dex: 14    Spells: 24/24 levels left

rFire   + + +        a - +9 double sword (elec)
rCold   + . .        d - +3 warlock's mirror {omnireflect}
rNeg    + . .        Z - +8 orange crystal plate armour {Archmagi, Int+3 Clar}
rPois   .            i - +2 hat of Macept {Will+ Str+2}
rElec   +            o - +2 cloak
rCorr   +            v - +1 pair of gloves of Zimnaugh {rC+ Regen+ Dex+3}
SInv    +            x - +2 pair of boots of Mual {rElec rN+ Will+ Str-2}
Will    +++++        K - amulet of regeneration Stlth
                     e - ring of Baqow {rF+++ rCorr Str+5 Int-2}
HPRegen 2.44/turn    J - ring of Xom's Recklessness {Fly Will++ MP+9 SInv}
MPRegen 0.27/turn

%: reflection, clarity, archmagi
@: berserking (expiring), heroic, corroded, flying, studying 4 skills, very
quick
A: horns 2, retaliatory headbutt, clumsy 1
}: 3/15 runes: decaying, silver, gossamer
a: Renounce Religion, Heroism, Finesse, Duel


You were on level 5 of the Pits of Slime.
You worshipped Okawaru.
Okawaru was exalted by your worship.
You visited 10 branches of the dungeon, and saw 50 of its levels.
You also visited: Trove and Gauntlet.

You collected 8487 gold pieces.
You spent 2534 gold pieces at shops.

Inventory:

Hand Weapons
 a - a +9 double sword of electrocution (weapon)
 b - a +3 scimitar of flaming
 c - the +10 falchion of Vuqumie {drain, +Blink Will- Str+4}
   (You bought it in a shop on level 11 of the Dungeon)

   Str:       It affects your strength (+4).
   +Blink:    It lets you blink.
   Will:      It decreases your willpower.
Armour
 d - the +3 warlock's mirror (worn) {omnireflect}
   (You took it off a deep elf pyromancer on level 1 of the Elven Halls)

   Omnireflect: It can block and reflect piercing ranged attacks and magical
   attacks against the wielder's willpower.
 i - the +2 hat of Macept (worn) {Will+ Str+2}
   (Okawaru gifted it to you on level 5 of the Lair of Beasts)

   Str:       It affects your strength (+2).
   Will:      It increases your willpower.
 o - a +2 cloak (worn)
 p - the +2 pair of gloves of Wisdom {Will+ Str+3 Stlth-}
   (Okawaru gifted it to you on level 5 of the Pits of Slime)

   Str:       It affects your strength (+3).
   Will:      It increases your willpower.
   Stlth:     It makes you less stealthy.
 v - the +1 pair of gloves of Zimnaugh (worn) {rC+ Regen+ Dex+3}
   (You found it on level 3 of the Elven Halls)

   Dex:       It affects your dexterity (+3).
   rC:        It protects you from cold.
   Regen:     It increases your rate of health regeneration.
 x - the +2 pair of boots of Mual (worn) {rElec rN+ Will+ Str-2}
   (Okawaru gifted it to you on level 1 of the Depths)

   Str:       It affects your strength (-2).
   rElec:     It insulates you from electricity.
   rN:        It protects you from negative energy.
   Will:      It increases your willpower.
 V - +3 gold dragon scales
 Z - the +8 orange crystal plate armour (worn) {Archmagi, Int+3 Clar}
   (Okawaru gifted it to you on level 3 of the Lair of Beasts)

   Int:       It affects your intelligence (+3).
   Clar:      It protects you from confusion, rage, mesmerisation and fear.
Jewellery
 e - the ring of Baqow (left hand) {rF+++ rCorr Str+5 Int-2}
   (You found it on level 5 of the Vaults)

   [ring of resist corrosion]

   Str:       It affects your strength (+5).
   Int:       It affects your intelligence (-2).
   rF:        It renders you almost immune to fire.
   rCorr:     It protects you from acid and corrosion.
 h - a ring of the Octopus King {rCorr HP+2 AC+2 EV+2 SH+2}
   (You found it on level 5 of the Lair of Beasts)

   [ring of resist corrosion]

   AC:        It affects your AC (+2).
   EV:        It affects your evasion (+2).
   HP:        It affects your health (+2).
   rCorr:     It protects you from acid and corrosion.
   SH:        It affects your SH (+2).
 y - the ring "Dorat" {rN+ EV+5}
   (You found it on level 11 of the Dungeon)

   [ring of evasion]

   EV:        It affects your evasion (+5).
   rN:        It protects you from negative energy.
 C - the ring "Rysheseus" {Ice rPois Str+7 Int+3 Dex-3}
   (You took it off a deep elf annihilator on level 3 of the Elven Halls)

   [ring of ice]

   It enhances your ice magic.
   Str:       It affects your strength (+7).
   Int:       It affects your intelligence (+3).
   Dex:       It affects your dexterity (-3).
   rF:        It makes you vulnerable to fire.
   rC:        It protects you from cold.
   rPois:     It protects you from poison.
 E - the ring of the Real Monster {rC+ Int+3}
   (You found it on level 6 of the Dungeon)

   [ring of protection from cold]

   Int:       It affects your intelligence (+3).
   rC:        It protects you from cold.
 J - the ring of Xom's Recklessness (right hand) {Fly Will++ MP+9 SInv}
   (You found it in a Gauntlet)

   [ring of see invisible]

   MP:        It affects your magic capacity (+9).
   SInv:      It lets you see invisible.
   Fly:       It grants you flight.
   Will:      It greatly increases your willpower.
 K - an amulet of regeneration (around neck)
Wands
 R - a wand of digging (11)
Scrolls
 g - 9 scrolls of magic mapping
 l - a scroll of enchant weapon
 q - 3 scrolls of fog
 r - 4 scrolls of blinking
 t - a scroll of acquirement
 u - 8 scrolls of immolation
 L - 19 scrolls of teleportation
 U - 6 scrolls of poison
Potions
 f - 3 potions of mutation
 j - 15 potions of curing
 k - a potion of berserk rage
 m - 9 potions of might
 n - a potion of heal wounds
 w - 5 potions of flight
 z - 7 potions of haste
 A - 4 potions of resistance
 B - 5 potions of lignification
 H - 5 potions of invisibility


   Skills:
 O Level 27 Fighting
 + Level 9.2(23.7) Short Blades
 O Level 27 Long Blades
 O Level 27 Armour
 + Level 5.4(10.4) Dodging
 + Level 2.2(7.2) Stealth
 O Level 27 Shields
 + Level 12.5 Invocations
 + Level 1.2 Evocations


You had 24 spell levels left.
You didn't know any spells.
Your spell library contained the following spells:

 Spells                   Type           Power      Damage    Failure   Level
 Apportation              Tloc           0%         N/A       91%         1
 Beastly Appendage        Tmut           0%         N/A       91%         1
 Foxfire                  Conj/Fire      0%         2x1d4     91%         1
 Freeze                   Ice            0%         1d3       91%         1
 Kiss of Death            Conj/Necr      0%         2d5       91%         1
 Magic Dart               Conj           0%         1d3       91%         1
 Necrotise                Necr           0%         1d4       91%         1
 Sandblast                Erth           0%         2d4       91%         1
 Shock                    Conj/Air       0%         1d3       91%         1
 Sting                    Tmut/Pois      0%         1d3       91%         1
 Cigotuvi's Dreadful Rot  Necr/Pois/Air  0%         N/A       97%         2
 Ensorcelled Hibernation  Hex/Ice        0%         N/A       97%         2
 Lesser Beckoning         Tloc           0%         N/A       97%         2
 Momentum Strike          Conj/Tloc      0%         3d8       97%         2
 Passwall                 Tmut/Erth      0%         N/A       97%         2
 Poisonous Vapours        Pois/Air       0%         N/A       97%         2
 Searing Ray              Conj           0%         2d4       97%         2
 Static Discharge         Conj/Air       0%         2-2/arc   97%         2
 Sublimation of Blood     Necr           0%         N/A       97%         2
 Wereblood                Tmut           0%         N/A       97%         2
 Dazzling Flash           Conj/Hex       0%         N/A       99%         3
 Frozen Ramparts          Ice            0%         1d1       99%         3
 Gell's Gravitas          Tloc           0%         N/A       99%         3
 Hailstorm                Conj/Ice       0%         3d3       99%         3
 Ignite Poison            Fire/Tmut/Pois 0%         N/A       99%         3
 Inner Flame              Hex/Fire       0%         N/A       99%         3
 Mephitic Cloud           Conj/Pois/Air  0%         N/A       99%         3
 Ozocubu's Armour         Ice            0%         N/A       99%         3
 Portal Projectile        Hex/Tloc       0%         N/A       99%         3
 Spider Form              Tmut/Pois      0%         N/A       99%         3
 Stone Arrow              Conj/Erth      0%         3d7       99%         3
 Swiftness                Air            0%         N/A       99%         3
 Teleport Other           Tloc           0%         N/A       99%         3
 Vampiric Draining        Necr           0%         2d6       99%         3
 Vhi's Electric Charge    Tloc/Air       0%         N/A       99%         3
 Airstrike                Air            0%         2d(0-16)  100%        4
 Anguish                  Hex/Necr       0%         N/A       100%        4
 Flame Wave               Conj/Fire      0%         2d4       100%        4
 Fulminant Prism          Conj/Hex       0%         3d5       100%        4
 Ice Form                 Ice/Tmut       0%         N/A       100%        4
 Manifold Assault         Tloc           0%         N/A       100%        4
 Passage of Golubria      Tloc           0%         N/A       100%        4
 Petrify                  Tmut/Erth      0%         N/A       100%        4
 Sticky Flame             Conj/Fire      0%         2d3       100%        4
 Agony                    Necr           0%         N/A       100%        5
 Alistair's Intoxication  Tmut/Pois      0%         N/A       100%        5
 Arcjolt                  Conj/Air       0%         1d10      100%        5
 Blade Hands              Tmut           0%         N/A       100%        5
 Borgnjor's Vile Clutch   Necr/Erth      0%         N/A       100%        5
 Fireball                 Conj/Fire      0%         3d3       100%        5
 Freezing Cloud           Conj/Ice/Air   0%         6-21      100%        5
 Irradiate                Conj/Tmut      0%         3d11      100%        5
 Iskenderun's Battlesphe  Conj           0%         2d6       100%        5
 Metabolic Englaciation   Hex/Ice        0%         N/A       100%        5
 Silence                  Hex/Air        0%         N/A       100%        5
 Yara's Violent Unravell  Hex/Tmut       0%         3d3       100%        5
 Conjure Ball Lightning   Conj/Air       0%         3x3d6     100%        6
 Dispersal                Tloc           0%         N/A       100%        6
 Eringya's Noxious Bog    Tmut/Pois      0%         N/A       100%        6
 Iron Shot                Conj/Erth      0%         9d1       100%        6
 Plasma Beam              Fire/Air       0%         2x1d11    100%        6
 Starburst                Conj/Fire      0%         6d3       100%        6
 Statue Form              Tmut/Erth      0%         N/A       100%        6
 Dragon Form              Tmut           0%         N/A       100%        7
 Orb of Destruction       Conj           0%         9d5       100%        7
 Ozocubu's Refrigeration  Ice            0%         4d7       100%        7
 Storm Form               Tmut/Air       0%         N/A       100%        7
 Borgnjor's Revivificati  Necr           0%         N/A       100%        8
 Disjunction              Tloc           0%         N/A       100%        8
 Lehudib's Crystal Spear  Conj/Erth      0%         10d2      100%        8
 Maxwell's Capacitive Co  Air            0%         ∞         100%        8
 Necromutation            Tmut/Necr      0%         N/A       100%        8
 Death's Door             Necr           0%         N/A       100%        9
 Fire Storm               Conj/Fire      0%         5d1       100%        9
 Polar Vortex             Ice            0%         N/A       100%        9
 Summon Small Mammal      Summ           Unusable   N/A       N/A         1
 Tukima's Dance           Hex            Unusable   N/A       N/A         3
 Animate Dead             Necr           Unusable   N/A       N/A         4
 Summon Lightning Spire   Summ/Air       Unusable   N/A       N/A         4
 Death Channel            Necr           Unusable   N/A       N/A         6
 Simulacrum               Ice/Necr       Unusable   N/A       N/A         6
 Spellforged Servitor     Conj/Summ      Unusable   N/A       N/A         7
 Summon Hydra             Summ           Unusable   N/A       N/A         7
 Infestation              Necr           Unusable   N/A       N/A         8

Dungeon Overview and Level Annotations

Branches:
Dungeon (15/15)            Temple (0/1) D:5            Lair (5/5) D:11
  Swamp (4/4) Lair:3       Spider (4/4) Lair:2        Slime (5/5) Lair:5
    Orc (2/2) D:11            Elf (3/3) Orc:2        Vaults (5/5) D:14
  Crypt (3/3) Vaults:3       Tomb (0/3) Crypt:3      Depths (4/4) D:15
    Zot (0/5) Depths:4    Gauntlet (visited)

Altars:
Ashenzari
Dithmenos
Elyvilon
Hepliaklqana
Kikubaaqudgha
Makhleb
Nemelex Xobeh
Okawaru
Ru
Sif Muna
Trog
Vehumet
Wu Jian
Xom
Yredelemnul
Zin
Jiyva

Shops:
D:3 !   D:9 *[(*:   D:11 (   Orc:2 ?*?*   Vaults:2 *   Vaults:4 ((

Portals:
Hell: Depths:1 Depths:2 Depths:3 Depths:4
Abyss: D:6 Depths:3
Pandemonium: Depths:2
Ziggurat: Depths:2

Annotations:
Slime:5 Royal Jelly
Elf:2 3 runed translucent doors
Depths:4 4 runed translucent doors


Innate Abilities, Weirdness & Mutations

You have a pair of horns on your head.
You reflexively headbutt those who attack you in melee.
You are clumsy. (Dex -2)


Message History

* * * LOW HITPOINT WARNING * * *
You hold your ground!
Unknown command.
You hit the rockslime but do no damage. The rockslime hits you!
* * * LOW HITPOINT WARNING * * *
You hold your ground!
Unknown command.
You hit the rockslime but do no damage.
The rockslime hits you but does no damage.
You block the rockslime's attack.
Unknown command.
You hit the rockslime but do no damage. You headbutt the rockslime!
The rockslime is lightly wounded.
The rockslime hits you!!!
* * * LOW HITPOINT WARNING * * *
You hold your ground!
Unknown command.
You hit the rockslime but do no damage.
You headbutt the rockslime, but do no damage.
The rockslime is lightly wounded.
You block the rockslime's attack. The rockslime hits you!
* * * LOW HITPOINT WARNING * * *
You hold your ground!
Unknown command.
You hit the rockslime but do no damage.
The rockslime is lightly wounded.
The rockslime hits you!
* * * LOW HITPOINT WARNING * * *
You hold your ground!
Unknown command.
You hit the rockslime.
You headbutt the rockslime, but do no damage.
The rockslime is lightly wounded.
The azure jelly jiggles.
The rockslime hits you!!
* * * LOW HITPOINT WARNING * * *
You hold your ground!
The rockslime jiggles.
The rockslime hits you!!
You die...

#....#.......................
######.......................
#........................
##......J................
##.....J................
####..JJ...............
##.JJJ..............
###JJJ.............
#@JJJ.............
##JJ..........§...
##...............
#...............
###.............
##....###..... ###### ###..#
###. ##


You could see an acid blob, 6 azure jellies and 4 rockslimes.

Vanquished Creatures
  Dissolution (Slime:5)
  2 dread liches
  An ancient lich (Vaults:5)
  Mennas (Vaults:2)
  A juggernaut (Depths:4)
  Frederick (Crypt:1)
  Nikola (Vaults:3)
  3 golden dragons (Depths:4)
  A bone dragon (Depths:4)
  3 tentacled monstrosities
  The ghost of YordlordTheGreat the Draconian Blade, an adept DrMo of Qazlal (Vaults:1)
  A walking crystal tome (Depths:3)
  6 liches
  A walking earthen tome (Depths:4)
  Asterion (Vaults:3)
  2 deep elf blademasters (Elf:3)
  2 deep elf master archers (Elf:3)
  6 titans
  7 acid blobs
  3 quicksilver dragons (Vaults:4)
  An ancient champion (Crypt:1)
  A sphinx (Vaults:4)
  A thorn hunter (Swamp:1)
  6 shadow dragons
  Kirke (Swamp:3)
  4 storm dragons
  A fenstrider witch (Swamp:4)
  3 tengu reavers
  Roxanne (Elf:1)
  2 rockslimes
  12 fire giants
  5 deep elf sorcerers
  3 revenants
  17 vault wardens
  12 frost giants
  2 azure jellies
  2 caustic shrike zombies
  4 emperor scorpions
  Aizul (Elf:3)
  3 spectral caustic shrikes (Depths:1)
  A balrug (Depths:3)
  An iron dragon (Depths:3)
  3 curse skulls (Crypt:2)
  Louise (Spider:2)
  2 ghost moths
  3 deep elf elementalists (Elf:3)
  25 ironbound preservers
  3 orc warlords
  3 quicksilver oozes
  4 broodmothers
  21 very ugly things
  A draconian annihilator (Depths:4)
  A spriggan defender (Depths:3)
  8 ghouls
  A caustic shrike skeleton (Crypt:2)
  4 war gargoyles
  10 stone giants
  25 vampire knights
  4 white draconians (Depths:4)
  6 deep elf demonologists
  10 eleionomae
  2 black draconians (Depths:4)
  3 green draconians (Depths:4)
  10 ironbound thunderhulks
  3 purple draconians (Depths:4)
  9 deep elf annihilators (Elf:3)
  8 spark wasps
  A minotaur (Gauntlet)
  9 bunyips
  A yellow draconian (Depths:4)
  3 red draconians (Depths:4)
  6 deep elf death magi
  16 dire elephants
  4 eidola
  12 jiangshi
  21 yaktaur captains
  Josephine (Swamp:1)
  11 ettins
  3 crystal guardians
  5 fire dragons
  5 shambling mangroves
  9 entropy weavers
  2 spriggan zombies (Crypt:3)
  36 vault guards
  9 deep elf high priests
  12 great orbs of eyes
  4 peacekeepers
  Harold (D:10)
  11 centaur warriors
  3 catoblepae
  21 hydras
  A spectral shadow dragon (Vaults:1)
  A merfolk avatar (Lair:5)
  10 ice dragons
  An ogre mage (Vaults:5)
  4 rakshasas
  8 ironbound frosthearts
  2 jorogumos (Spider:4)
  7 alligators
  3 spriggan air magi
  2 radroaches
  5 death knights
  3 two-headed ogres
  2 ghost crabs
  A spectral stone giant (Vaults:1)
  A spriggan skeleton (Depths:2)
  5 death yaks (Lair:5)
  7 boulder beetles
  3 tengu warriors
  6 deep troll earth magi
  17 dancing weapons
  6 deep troll shamans
  9 vampire magi
  2 titan zombies
  The ghost of infcreate the Jinx, a journeyman DEHs of Okawaru (D:10)
  16 hell knights
  6 spriggan berserkers
  2 sun demons (Depths:2)
  5 orc high priests (Orc:2)
  A storm dragon zombie (Depths:2)
  9 soul eaters (Crypt:1)
  5 skysharks
  6 iron trolls
  4 shadow wraiths
  A titan skeleton (Depths:1)
  8 deep elf knights
  4 goliath frogs
  31 skeletal warriors
  A storm dragon skeleton (Crypt:3)
  4 pharaoh ants
  2 golden dragon zombies (D:15)
  An anaconda zombie (Crypt:3)
  2 bunyip zombies
  A sea snake (Lair:5)
  3 sun moths (Spider:4)
  16 orb spiders
  4 glowing orange brains
  10 swamp dragons
  A sea snake (shapeshifter) (Vaults:4)
  A shadow demon (Depths:2)
  82 deep trolls
  9 wizards
  7 flayed ghosts
  4 deep elf archers
  12 steelbarb worms
  A golden dragon skeleton (Crypt:3)
  8 bog bodies
  6 spriggan druids
  13 orc knights
  A spriggan simulacrum (Crypt:1)
  A swamp dragon (shapeshifter) (Vaults:2)
  19 ironbound convokers
  7 harpies
  8 necromancers
  A harpy (shapeshifter) (D:13)
  An orc sorcerer (Vaults:4)
  An obsidian statue (D:11)
  20 wolf spiders
  30 phantasmal warriors
  57 ugly things
  26 deep elf zephyrmancers
  8 lindwurms
  The ghost of GohGoh the Firebug, a novice DrFE (D:6)
  4 manticores
  An eleionoma zombie (Crypt:3)
  19 deep elf pyromancers
  2 shining eyes (Slime:5)
  A sphinx zombie (Crypt:1)
  A human zombie (Vaults:1)
  2 moths of wrath
  2 will-o-the-wisps
  2 oklob plants (Lair:5)
  A worldbinder (D:6)
  2 frost giant skeletons
  An elephant (shapeshifter) (D:14)
  5 cyclopes
  A titan simulacrum (Vaults:1)
  A fire giant skeleton (Depths:2)
  4 black mambas
  A stone giant skeleton (Depths:1)
  An alligator snapping turtle zombie (Crypt:3)
  Joseph (Lair:1)
  2 gargoyles
  14 elephants
  20 vault sentinels
  A torpor snail (shapeshifter) (Elf:2)
  2 smoke demons (Depths:3)
  A cane toad (shapeshifter) (Vaults:4)
  9 demonic crawlers
  An elf zombie (Vaults:1)
  A black draconian zombie (Crypt:3)
  17 cane toads
  An unseen horror (D:8)
  7 torpor snails
  Psyche (D:9)
  A catoblepas zombie (Crypt:3)
  A minotaur zombie (Gauntlet)
  A white draconian zombie (Crypt:1)
  37 yaktaurs
  5 rime drakes
  8 freezing wraiths
  2 efreet
  7 komodo dragons
  2 tengu conjurers
  A golden dragon simulacrum (Vaults:1)
  An iron troll skeleton (Crypt:2)
  A sea snake skeleton (Crypt:2)
  5 polar bears (Lair:5)
  3 trolls
  6 meliai
  A shadow dragon simulacrum (Crypt:1)
  A green draconian skeleton (Crypt:3)
  6 tyrant leeches
  A wind drake (shapeshifter) (D:15)
  3 harpy zombies (Crypt:3)
  A hellwing (Depths:2)
  A hornet (shapeshifter) (Vaults:4)
  A wolf spider simulacrum (D:15)
  A tengu simulacrum (Vaults:1)
  A queen bee (Gauntlet)
  26 blink frogs
  30 tarantellas
  17 hornets
  A harpy skeleton (Crypt:1)
  A blink frog (shapeshifter) (Vaults:4)
  An iron dragon simulacrum (Vaults:1)
  A frost giant simulacrum (Vaults:1)
  An alligator zombie (Crypt:2)
  2 ettin skeletons
  22 jumping spiders
  A snapping turtle (Lair:5)
  14 dream sheep
  A culicivora (shapeshifter) (D:14)
  15 culicivoras
  A satyr skeleton (Crypt:3)
  19 shadows
  A yak (shapeshifter) (Vaults:4)
  12 spriggans
  2 air elementals (Elf:1)
  49 slime creatures
  46 yaks
  27 wraiths
  A slime creature zombie (Crypt:1)
  4 water elementals
  7 wyverns
  3 hogs (Swamp:3)
  5 basilisks
  2 humans (Swamp:3)
  A chaos spawn (Depths:2)
  4 fire elementals
  37 redbacks
  A redback simulacrum (D:15)
  13 vampire mosquitoes
  3 wargs
  A glowing shapeshifter zombie (Vaults:1)
  20 swamp worms
  A tengu zombie (D:15)
  A naga zombie (Crypt:3)
  5 water moccasins
  2 floating eyes
  2 hell hounds (Gauntlet)
  8 swamp drakes
  3 glowing shapeshifter skeletons
  A lindwurm zombie (Crypt:2)
  35 orc warriors
  A sky beast (D:7)
  3 black bears
  An elf simulacrum (Vaults:1)
  An ettin simulacrum (Vaults:1)
  6 wolves (Lair:1)
  4 ogres
  A lindwurm skeleton (Crypt:3)
  2 phantoms (D:5)
  10 centaurs
  4 kobold brigands
  Blork the orc (D:5)
  4 necrophages
  7 bullfrogs
  4 scorpions (D:5)
  2 glowing shapeshifter simulacra
  3 gnoll sergeants
  4 earth elementals
  A naga simulacrum (Crypt:1)
  8 wights
  6 killer bees (Gauntlet)
  3 electric eels
  8 howler monkeys
  5 hounds
  Crazy Yiuf (D:3)
  A black bear zombie (Crypt:1)
  A gnoll bouda (D:8)
  30 orc priests
  3 iron imps (D:10)
  A sleepcap (D:6)
  Jessica (D:2)
  A human skeleton (Crypt:1)
  3 iguanas
  6 hell rats (Lair:3)
  17 orc wizards
  A statue (D:10)
  A small abomination (D:6)
  A human simulacrum (D:14)
  A tengu skeleton (Crypt:3)
  20 gnolls
  9 adders
  A steam dragon zombie (Crypt:1)
  7 shadow imps
  3 white imps
  2 ufetubi (D:7)
  2 adder zombies (Crypt:1)
  4 worms
  4 dart slugs
  78 orcs
  7 ball pythons
  8 bats
  3 bat zombies (D:5)
  7 endoplasms
  A giant cockroach (D:1)
  13 goblins
  11 hobgoblins
  14 kobolds
  4 quokkas
  3 frilled lizards (D:1)
  An orc zombie (Crypt:3)
  A quokka zombie (Crypt:3)
  7 rats
2124 creatures vanquished.

Vanquished Creatures (others)
  A draconian monk (Depths:4)
  A fire giant (Depths:4)
  A draconian annihilator (Depths:4)
  A wizard (Vaults:4)
  A deep elf zephyrmancer (Elf:3)
  A manticore (D:13)
  2 hornets
  A spriggan (Swamp:3)
  A human simulacrum (D:14)
  12 foxfires
22 creatures vanquished.

Grand Total: 2146 creatures vanquished

Notes
Turn   | Place    | Note
-------+----------+-------------------------------------------
     0 | D:1      | Peloso the Minotaur Fighter began the quest for the Orb.
     0 | D:1      | Reached XP level 1. HP: 19/19 MP: 0/0
   201 | D:1      | Reached XP level 2. HP: 27/27 MP: 1/1
   449 | D:1      | Found a faded altar of an unknown god.
   781 | D:2      | Reached XP level 3. HP: 33/33 MP: 2/2
  1124 | D:2      | Noticed Jessica
  1142 | D:2      | Killed Jessica
  1143 | D:2      | Reached XP level 4. HP: 37/41 MP: 3/3
  1979 | D:3      | Found an iron altar of Okawaru.
  2027 | D:3      | Became a worshipper of Warmaster Okawaru
  2116 | D:3      | Reached XP level 5. HP: 46/47 MP: 4/4
  2132 | D:3      | Found Giaq's Distillery.
  2461 | D:3      | You fall into a shaft and drop 2 floors!
  2461 | D:5      | Entered Level 5 of the Dungeon
  2466 | D:5      | Found a glowing silver altar of Zin.
  2621 | D:4      | Found a broken altar of Ashenzari.
  2656 | D:4      | Reached skill level 5 in Long Blades
  2728 | D:3      | Bought a potion of mutation for 96 gold pieces
  3022 | D:3      | Found a runed translucent door.
  3023 | D:3      | Noticed Crazy Yiuf
  3135 | D:4      | Noticed a black bear
  3422 | D:4      | Reached XP level 6. HP: 55/55 MP: 5/5
  3456 | D:4      | Found a white marble altar of Elyvilon.
  3694 | D:5      | Reached skill level 5 in Armour
  3703 | D:5      | Identified the +5 dagger of Lycaul {freeze, rCorr Dex+2}
  3723 | D:5      | Reached skill level 5 in Fighting
  3769 | D:5      | Reached * piety under Okawaru
  3788 | D:5      | Reached XP level 7. HP: 47/61 MP: 6/6
  3792 | D:5      | Reached skill level 5 in Shields
  4228 | D:5      | Found a staircase to the Ecumenical Temple.
  4336 | D:5      | Found an ancient bone altar of Kikubaaqudgha.
  4405 | D:5      | Noticed Blork the orc
  4417 | D:5      | Killed Blork the orc
  4418 | D:5      | Reached skill level 1 in Short Blades
  4615 | D:5      | Reached ** piety under Okawaru
  4625 | D:5      | Reached XP level 8. HP: 46/70 MP: 7/7
  5288 | D:6      | Found a one-way gate to the infinite horrors of the Abyss.
  5288 | D:6      | Noticed GohGoh's ghost (novice DrFE)
  5288 | D:6      | Noticed a white ugly thing
  5336 | D:6      | Found a transporter.
  5338 | D:6      | Found a transporter.
  5717 | D:6      | Noticed a worldbinder
  5733 | D:6      | Identified the ring of the Real Monster {rC+ Int+3}
  5999 | D:7      | Reached *** piety under Okawaru
  6000 | D:7      | Reached skill level 1 in Dodging
  6103 | D:7      | Noticed a troll
  6121 | D:7      | Killed a troll
  6122 | D:7      | Reached XP level 9. HP: 74/79 MP: 5/8
  6158 | D:7      | Found the +18 Lear's hauberk
  6302 | D:7      | Found a shadowy altar of Dithmenos.
  6526 | D:7      | Noticed a moth of wrath
  6537 | D:7      | Found a bloodstained altar of Trog.
  6600 | D:7      | Found a shimmering blue altar of Sif Muna.
  6607 | D:7      | Reached skill level 5 in Short Blades
  6781 | D:8      | Reached **** piety under Okawaru
  6961 | D:8      | Noticed an unseen horror
  6995 | D:8      | Killed an unseen horror
  7195 | D:8      | Found a sacrificial altar of Ru.
  7371 | D:9      | Found an ornate altar of the Wu Jian Council.
  7438 | D:9      | Found Daunnis's Book Shop.
  7459 | D:9      | Found Ontal's Antique Weapon Shop.
  7468 | D:9      | Bought an iridescent halberd for 189 gold pieces
  7468 | D:9      | Identified the +3 halberd of Truncation {heavy, Will+ Str-3
                  | SInv} (You bought it in a shop on level 9 of the Dungeon)
  7496 | D:9      | Received a gift from Okawaru
  7518 | D:9      | Noticed a two-headed ogre
  7519 | D:9      | Found Cauh's Assorted Antiques.
  7535 | D:9      | Killed a two-headed ogre
  7535 | D:9      | Received a gift from Okawaru
  7535 | D:9      | Reached ***** piety under Okawaru
  7536 | D:9      | Reached skill level 10 in Shields
  7536 | D:9      | Reached XP level 10. HP: 80/88 MP: 7/9
  7543 | D:9      | Found Gyx Naat's Antique Armour Shoppe.
  7544 | D:9      | Noticed Psyche
  7555 | D:9      | Killed Psyche
  7646 | D:9      | Bought a scroll labelled UDUTIR PAESSOIMEPH for 22 gold
                  | pieces
  7646 | D:9      | Bought a scroll labelled QAYXTA FAURGHIA for 22 gold pieces
  7702 | D:9      | Found a sparkling altar of Nemelex Xobeh.
  7735 | D:9      | Found Agim's Elemental Accessories.
  7805 | D:9      | Reached skill level 1 in Invocations
  8097 | D:10     | Entered Level 10 of the Dungeon
  8170 | D:10     | Received a gift from Okawaru
  8546 | D:10     | Found a runed translucent door.
  8578 | D:10     | Found a radiant altar of Vehumet.
  8658 | D:10     | Found a shimmering altar of Xom.
  8658 | D:10     | Noticed infcreate's ghost (journeyman DEHs)
  8658 | D:10     | Noticed a +0 morningstar of chaos
  8761 | D:10     | Noticed Harold
  8787 | D:10     | Killed Harold
  8853 | D:10     | Found a burning altar of Makhleb.
  9121 | D:11     | Noticed an obsidian statue
  9147 | D:11     | Reached XP level 11. HP: 89/92 MP: 11/11
  9181 | D:11     | Found Osuethap's Antique Weapon Emporium.
  9341 | D:11     | Bought a faintly glowing falchion for 224 gold pieces
  9341 | D:11     | Identified the +10 falchion of Vuqumie {drain, +Blink Will-
                  | Str+4} (You bought it in a shop on level 11 of the Dungeon)
  9432 | D:11     | Found a staircase to the Orcish Mines.
  9496 | D:11     | Found a staircase to the Lair.
  9692 | D:11     | Reached skill level 10 in Armour
 10167 | D:11     | Noticed a sixfirhy
 10305 | Lair:1   | Entered Level 1 of the Lair of Beasts
 10585 | Lair:1   | Received a gift from Okawaru
 10778 | Lair:1   | Noticed Joseph
 10787 | Lair:1   | Killed Joseph
 11071 | Lair:1   | Identified 2 scrolls of acquirement
 11761 | Lair:2   | Found a hole to the Spider Nest.
 11851 | Lair:2   | Noticed an eight-headed hydra
 11938 | D:12     | Noticed a boulder beetle
 11959 | D:12     | Killed a boulder beetle
 12051 | D:12     | Noticed a boulder beetle
 12064 | D:12     | Received a gift from Okawaru
 12065 | D:12     | Reached skill level 1 in Stealth
 12077 | D:12     | Killed a boulder beetle
 12205 | D:12     | Noticed a two-headed ogre
 12212 | D:12     | Killed a two-headed ogre
 12212 | D:12     | Identified the +0 chain mail "Wamiyci" {rPois rN+} (Okawaru
                  | gifted it to you on level 12 of the Dungeon)
 12212 | D:12     | Received a gift from Okawaru
 12272 | D:12     | Reached XP level 12. HP: 105/105 MP: 12/12
 12405 | Orc:1    | Entered Level 1 of the Orcish Mines
 13177 | Lair:2   | Reached skill level 10 in Fighting
 13188 | Lair:2   | Reached skill level 10 in Long Blades
 13409 | Lair:2   | Killed a three-headed hydra
 13410 | Lair:2   | Reached skill level 5 in Dodging
 14138 | Lair:3   | Reached ****** piety under Okawaru
 14138 | Lair:3   | Received a gift from Okawaru
 14138 | Lair:3   | Found the +8 orange crystal plate armour {Archmagi, Int+3
                  | Clar}
 14459 | Lair:3   | Noticed a four-headed hydra
 14459 | Lair:3   | Noticed an eight-headed hydra
 14467 | Lair:3   | Killed a one-headed hydra
 14474 | Lair:3   | Killed a three-headed hydra
 14827 | Lair:3   | Reached XP level 13. HP: 80/115 MP: 13/13
 14972 | Lair:3   | Found a staircase to the Swamp.
 15271 | Orc:2    | Entered Level 2 of the Orcish Mines
 15450 | Orc:2    | Found a staircase to the Elven Halls.
 16117 | Orc:2    | Gained mutation: You are clumsy. (Dex -2) [a neqoxec]
 16154 | Orc:2    | Received a gift from Okawaru
 16643 | Orc:2    | Found Nauwnovu's Assorted Antiques.
 16646 | Orc:2    | Found Nayre's Assorted Antiques.
 16647 | Orc:2    | Found Unwirr's Magic Scroll Emporium.
 16648 | Orc:2    | Found Nesoc's Magic Scroll Shoppe.
 16651 | Orc:2    | Bought a scroll of acquirement for 676 gold pieces
 16652 | Orc:2    | Bought 2 cyan potions for 52 gold pieces
 16652 | Orc:2    | Bought a cyan potion for 26 gold pieces
 16655 | Orc:2    | Bought a scroll labelled TERIFR XURENTOBADO for 31 gold
                  | pieces
 17189 | Lair:4   | Identified the +2 animal skin of Hairiness {rF++} (Okawaru
                  | gifted it to you on level 4 of the Lair of Beasts)
 17189 | Lair:4   | Received a gift from Okawaru
 17512 | Lair:4   | Reached skill level 15 in Shields
 18084 | Lair:5   | Entered Level 5 of the Lair of Beasts
 18137 | Lair:5   | Identified the +2 hat of Macept {Will+ Str+2} (Okawaru
                  | gifted it to you on level 5 of the Lair of Beasts)
 18137 | Lair:5   | Received a gift from Okawaru
 18144 | Lair:5   | Reached XP level 14. HP: 71/127 MP: 14/14
 18356 | Lair:5   | Found a white marble altar of Elyvilon.
 18502 | Lair:5   | Reached skill level 15 in Long Blades
 19014 | Lair:5   | Found the ring of the Octopus King
 19045 | Lair:5   | Identified the staff of earth "Kesomov" {rElec rC+ SInv}
 19063 | Lair:5   | Received a gift from Okawaru
 19067 | Lair:5   | Identified the +7 flail of Pandemonium {heavy, rN+ Str+5}
 19069 | Lair:5   | Identified a ring of the Octopus King {rCorr HP+2 AC+2 EV+2
                  | SH+2}
 19543 | Lair:5   | Found a staircase to the Slime Pits.
 19550 | Lair:5   | Found a viscous altar of Jiyva.
 19965 | D:13     | Found a basalt altar of Yredelemnul.
 20416 | D:13     | Identified the +0 chain mail of Okawaru's Whim {rN++}
                  | (Okawaru gifted it to you on level 13 of the Dungeon)
 20416 | D:13     | Received a gift from Okawaru
 20674 | D:13     | Reached XP level 15. HP: 131/137 MP: 15/15
 22002 | D:3      | Killed Crazy Yiuf
 22244 | D:6      | Killed GohGoh's ghost
 22568 | D:10     | Killed infcreate's ghost
 22731 | D:11     | Identified the ring "Dorat" {rN+ EV+5}
 23134 | D:14     | Found a gate to the Vaults.
 23702 | D:14     | Identified the +0 chain mail of the Foremost Tales {rPois
                  | rC+} (Okawaru gifted it to you on level 14 of the Dungeon)
 23702 | D:14     | Received a gift from Okawaru
 23970 | D:15     | Entered Level 15 of the Dungeon
 23993 | D:15     | Found a gate leading to a gauntlet.
 24007 | Gauntlet | Entered a Gauntlet
 24007 | Gauntlet | Found a transporter.
 24013 | Gauntlet | Found a transporter.
 24014 | Gauntlet | Found a transporter.
 24030 | Gauntlet | Found a transporter.
 24031 | Gauntlet | Found a transporter.
 24042 | Gauntlet | Found a transporter.
 24058 | Gauntlet | Found a transporter.
 24063 | Gauntlet | Found a transporter.
 24083 | Gauntlet | Found a transporter.
 24088 | Gauntlet | Found a transporter.
 24151 | Gauntlet | Found a transporter.
 24151 | Gauntlet | Found a transporter.
 24179 | Gauntlet | Found a runed translucent gate.
 24180 | Gauntlet | Found a transporter.
 24180 | Gauntlet | Found a runed translucent gate.
 24181 | Gauntlet | Found a runed translucent gate.
 24199 | Gauntlet | Found a transporter.
 24461 | Gauntlet | Identified the ring of Xom's Recklessness {Fly Will++ MP+9
                  | SInv}
 24575 | Gauntlet | Acquired 1003 gold pieces
 24586 | Gauntlet | Acquired the +10 tower shield of Ignorance {rN+ Int-4}
 24586 | Gauntlet | Found the +10 tower shield of Ignorance {rN+ Int-4}
 24711 | D:15     | Reached skill level 15 in Fighting
 25008 | D:15     | Found a staircase to the Depths.
 25994 | Orc:2    | Bought a scroll of magic mapping for 217 gold pieces
 26397 | Elf:1    | Entered Level 1 of the Elven Halls
 26433 | Elf:1    | Found a radiant altar of Vehumet.
 26769 | Elf:1    | Reached XP level 16. HP: 122/149 MP: 16/16
 26882 | Elf:1    | Received a gift from Okawaru
 26971 | Elf:1    | Noticed an Ice Fiend
 26983 | Elf:1    | HP: 6/151 [deep elf pyromancer/bolt of fire[a deep elf high
                  | priest] (27)]
 27315 | Elf:1    | Paralysed by an air elemental for 1 turns
 27361 | Elf:1    | Reached skill level 15 in Armour
 27372 | Elf:1    | Noticed Roxanne
 27383 | Elf:1    | Paralysed by an air elemental for 1 turns
 27386 | Elf:1    | Paralysed by an air elemental for 1 turns
 27391 | Elf:1    | Paralysed by an air elemental for 1 turns
 27396 | Elf:1    | Paralysed by an air elemental for 1 turns
 27400 | Elf:1    | Killed Roxanne
 27401 | Elf:1    | Paralysed by an air elemental for 1 turns
 28076 | Elf:1    | Got the Grimoire of Concussion
 28260 | Elf:2    | Identified the +2 hat "Jamp" {rC+ Str-2 Int+3} (Okawaru
                  | gifted it to you on level 2 of the Elven Halls)
 28260 | Elf:2    | Received a gift from Okawaru
 28981 | Elf:2    | Found a portal to a secret trove of treasure.
 29080 | Elf:2    | Found a runed translucent gate.
 29080 | Elf:2    | Found a runed translucent gate.
 29080 | Elf:2    | Found a runed translucent gate.
 29760 | Swamp:1  | Entered Level 1 of the Swamp
 30065 | Swamp:1  | Received a gift from Okawaru
 30311 | Swamp:1  | Noticed Josephine
 30324 | Swamp:1  | Killed Josephine
 30562 | Swamp:1  | Reached XP level 17. HP: 160/160 MP: 17/17
 31606 | Swamp:2  | You are sucked into a shaft and drop 1 floor!
 31696 | Swamp:2  | Identified the +0 robe of the Cockatrice {*Slow rF+ Int+8}
                  | (Okawaru gifted it to you on level 2 of the Swamp)
 31696 | Swamp:2  | Received a gift from Okawaru
 32722 | Swamp:3  | Found a transporter.
 32789 | Swamp:3  | Found a transporter.
 32982 | Swamp:3  | Noticed Kirke
 33012 | Swamp:3  | Killed Kirke
 33321 | Swamp:3  | Identified the amulet "Saplapni" {Regen+ Str-5 Int+8}
 33324 | Swamp:3  | Identified the +3 hat of Salvation {*Corrode +Inv Dex+3
                  | Slay+3}
 33500 | Swamp:4  | Entered Level 4 of the Swamp
 34466 | Swamp:3  | Received a gift from Okawaru
 35477 | Swamp:4  | Got a decaying rune of Zot
 35969 | Spider:1 | Entered Level 1 of the Spider Nest
 36223 | Lair:2   | Received a gift from Okawaru
 36224 | Lair:2   | Reached XP level 18. HP: 48/172 MP: 18/18
 37947 | Elf:3    | Entered Level 3 of the Elven Halls
 38113 | Elf:3    | Noticed Aizul
 38121 | Elf:3    | Identified the +4 hat of Hedge Wizardry {+Inv rN+++ Int-2
                  | Dex+7} (Okawaru gifted it to you on level 3 of the Elven
                  | Halls)
 38121 | Elf:3    | Received a gift from Okawaru
 38139 | Elf:3    | Killed Aizul
 38345 | Elf:3    | Identified the +1 scale mail of Pivi {rC++}
 38719 | Elf:3    | Identified the +10 whip of Uncertain Death {drain, rPois
                  | rC++ Int-4 Dex+8}
 38726 | Elf:3    | Identified the ring "Rysheseus" {Ice rPois Str+7 Int+3
                  | Dex-3}
 39055 | Elf:3    | Identified the +7 falchion "Tinkist" {venom, Will+ Dex+2
                  | Stlth+}
 39355 | Elf:3    | Identified the +1 quarterstaff "Retienk" {venom, Will+
                  | Int+6}
 39490 | Elf:3    | HP: 4/173 [deep elf zephyrmancer/bolt of lightning (36)]
 41079 | Elf:3    | Got the Textbook on Percussion and Nephomancy
 41080 | Elf:3    | Identified the +1 pair of gloves of Zimnaugh {rC+ Regen+
                  | Dex+3}
 41100 | Elf:3    | Identified the staff of air "Voarud" {rElec rPois Dex+4}
 42154 | Spider:2 | Received a gift from Okawaru
 42240 | Spider:2 | Noticed Louise
 42257 | Spider:2 | Killed Louise
 43640 | Spider:3 | Reached XP level 19. HP: 174/183 MP: 20/20
 43760 | Spider:3 | Received a gift from Okawaru
 44320 | Spider:4 | Entered Level 4 of the Spider Nest
 45516 | Spider:4 | Identified the +8 chain mail of the Blind Marksman {*Slow
                  | rCorr Int+5 SInv} (Okawaru gifted it to you on level 4 of
                  | the Spider Nest)
 45516 | Spider:4 | Received a gift from Okawaru
 45537 | Spider:4 | Got a gossamer rune of Zot
 45879 | Vaults:1 | Entered Level 1 of the Vaults
 46827 | Vaults:1 | Found a runed translucent gate.
 46856 | Vaults:1 | Found a runed translucent gate.
 46856 | Vaults:1 | Found a runed translucent gate.
 46862 | Vaults:1 | Noticed YordlordTheGreat's ghost (adept DrMo)
 46997 | Vaults:1 | Identified the +4 scale mail of Xom's Inspiration {Fly rN++
                  | Dex-5 Stlth+}
 47335 | Vaults:1 | Received a gift from Okawaru
 47417 | Vaults:1 | Identified the +5 scimitar of the Seven Beggars {freeze,
                  | rPois Dex+2}
 47831 | Vaults:1 | Killed YordlordTheGreat's ghost
 47981 | Vaults:1 | Identified the +4 hand axe of the Coin {freeze, rN+ Dex+2}
 48057 | Vaults:2 | Reached XP level 20. HP: 162/193 MP: 21/21
 48611 | Vaults:2 | Found Doerruhu's General Store.
 48619 | Vaults:2 | Bought a scroll of blinking for 82 gold pieces
 48619 | Vaults:2 | Bought a scroll of enchant weapon for 82 gold pieces
 48647 | Vaults:2 | Noticed Mennas
 48703 | Vaults:2 | Killed Mennas
 48779 | Vaults:2 | Identified the +3 leather armour of Defence {+Blink rElec
                  | Dex+4}
 49416 | Vaults:2 | Received a gift from Okawaru
 49712 | Vaults:2 | Received a gift from Okawaru
 49809 | Vaults:2 | Identified the +2 kite shield of the Vacuum {rC+ Str-5
                  | Int+3 Dex+3} (Okawaru gifted it to you on level 2 of the
                  | Vaults)
 49809 | Vaults:2 | Received a gift from Okawaru
 50667 | Vaults:3 | Noticed Asterion
 50685 | Vaults:3 | Killed Asterion
 50742 | Vaults:3 | Reached skill level 1 in Evocations
 50960 | Vaults:3 | Reached XP level 21. HP: 179/211 MP: 22/22
 51080 | Vaults:3 | Noticed Nikola
 51089 | Vaults:3 | Killed Nikola
 51132 | Vaults:3 | Reached skill level 27 in Shields
 51405 | Vaults:3 | Found a staircase to the Crypt.
 51561 | Vaults:3 | Identified the +2 plate armour "Doovy" {Int-5 Dex+5}
                  | (Okawaru gifted it to you on level 3 of the Vaults)
 51561 | Vaults:3 | Received a gift from Okawaru
 52084 | Vaults:4 | Found Zeresor's Weapon Shop.
 52352 | Vaults:4 | Found Xapirosu's Weapon Emporium.
 53410 | Vaults:5 | Entered Level 5 of the Vaults
 54045 | Vaults:4 | Received a gift from Okawaru
 54211 | Vaults:5 | Identified the +4 sling of Wu Jian's Hope {elec, rC+ SInv
                  | Stlth+}
 54213 | Vaults:5 | Noticed a dread lich
 54376 | Vaults:5 | Identified the staff of fire "Xeorph" {rPois rF+}
 55024 | Vaults:4 | Reached XP level 22. HP: 140/218 MP: 23/23
 55211 | Vaults:4 | Killed a dread lich
 55531 | Vaults:5 | Identified the +8 quarterstaff "Foas" {freeze, rC- Will+
                  | Dex+3 Stlth+}
 56453 | Vaults:5 | Got the Textbook on the Inferno
 56455 | Vaults:5 | Identified the +2 scale mail of the Unbearable God {Drain
                  | rF+++ Str-4 Slay+5}
 56503 | Vaults:5 | Noticed an ancient lich
 56657 | Vaults:5 | Got a silver rune of Zot
 56862 | Vaults:5 | Killed an ancient lich
 57618 | Vaults:5 | Identified the +7 sling of Gravity {heavy, Str+3}
 57778 | Vaults:5 | Found the amulet of the Air {Inacc Air Fly rElec RMsl}
 57791 | Vaults:5 | Identified the ring of Baqow {rF+++ rCorr Str+5 Int-2}
 58243 | Depths:1 | Entered Level 1 of the Depths
 58406 | Depths:1 | Paralysed by a floating eye for 3 turns
 58411 | D:15     | Paralysed by a floating eye for 4 turns
 59088 | Depths:1 | Identified the +2 pair of boots of Mual {rElec rN+ Will+
                  | Str-2} (Okawaru gifted it to you on level 1 of the Depths)
 59088 | Depths:1 | Received a gift from Okawaru
 59220 | Depths:1 | Found a hazy altar of Hepliaklqana.
 59267 | Depths:1 | Found the crystal ball of Wucad Mu {*channel}
 59278 | Depths:1 | Found a gateway to Hell.
 59679 | Depths:2 | Reached XP level 23. HP: 238/238 MP: 25/25
 60241 | Depths:2 | Found a one-way gateway to a ziggurat.
 60546 | Depths:2 | Found a one-way gate leading to the halls of Pandemonium.
 61179 | Depths:2 | Reached skill level 27 in Fighting
 62116 | Depths:3 | Received a gift from Okawaru
 62116 | Depths:3 | Found the +7 Kryia's mail coat {PotionHeal*2 rC+}
 62488 | Depths:3 | Found the +4 robe of Folly {Brill Will-∞ Int+8}
 63110 | D:9      | Bought 3 scrolls of enchant weapon for 495 gold pieces
 63110 | D:9      | Bought a potion of heal wounds for 110 gold pieces
 63520 | Orc:2    | Bought a scroll of enchant weapon for 105 gold pieces
 63520 | Orc:2    | Bought a scroll of enchant weapon for 105 gold pieces
 63726 | Elf:2    | You paid a toll of a +5 demon whip to enter a treasure
                  | trove
 63727 | Trove    | Entered a treasure trove
 63757 | Trove    | Got Xatretamp's Lessons on Frosty Changes
 63763 | Trove    | Got Sif Muna's Meditations on the Prime Switch
 64093 | Depths:4 | Entered Level 4 of the Depths
 64533 | Crypt:1  | Entered Level 1 of the Crypt
 65044 | Crypt:1  | Noticed Frederick
 65056 | Crypt:1  | Killed Frederick
 65652 | Crypt:2  | Reached XP level 24. HP: 56/248 MP: 25/25
 65906 | Crypt:2  | Received a gift from Okawaru
 66345 | Crypt:3  | Entered Level 3 of the Crypt
 66591 | Crypt:3  | Noticed a dread lich
 66603 | Crypt:3  | Killed a dread lich
 66637 | Crypt:3  | Found a staircase to the Tomb.
 66922 | Crypt:3  | Found an ancient bone altar of Kikubaaqudgha.
 66936 | Crypt:3  | Identified the +0 chain mail "Qineoj" {rPois Str+3 Dex+2}
 66977 | Crypt:3  | Reached skill level 27 in Long Blades
 67617 | Crypt:3  | Got Gloorx Vloq's Papyrus of Debased Liturgies
 67673 | Crypt:3  | Received a gift from Okawaru
 67740 | Crypt:3  | Reached skill level 27 in Armour
 67787 | Crypt:3  | Reached skill level 5 in Invocations
 68393 | Depths:4 | Noticed a juggernaut
 68403 | Depths:4 | Killed a juggernaut
 68626 | Depths:4 | Received a gift from Okawaru
 69144 | Depths:4 | Found a runed translucent door.
 69152 | Depths:4 | Found a runed translucent door.
 69218 | Depths:4 | Found a runed translucent door.
 69236 | Depths:4 | Found a runed translucent door.
 69243 | Depths:4 | Found a runed translucent door.
 69257 | Depths:4 | Reached skill level 10 in Invocations
 69312 | Depths:4 | Reached XP level 25. HP: 102/257 MP: 29/29
 69416 | Depths:4 | Found a runed translucent door.
 69417 | Depths:4 | Found a gate to the Realm of Zot.
 69912 | Slime:1  | Entered Level 1 of the Pits of Slime
 70225 | Slime:5  | Entered Level 5 of the Pits of Slime
 70251 | Slime:5  | Noticed Dissolution
 70255 | Slime:5  | Paralysed by a floating eye for 3 turns
 70260 | Slime:5  | Paralysed by a floating eye for 2 turns
 70263 | Slime:5  | Paralysed by a floating eye for 4 turns
 70270 | Slime:5  | Paralysed by a floating eye for 3 turns
 70277 | Slime:5  | Paralysed by a floating eye for 3 turns
 70283 | Slime:5  | Paralysed by a floating eye for 3 turns
 70291 | Slime:5  | Paralysed by a floating eye for 4 turns
 70297 | Slime:5  | Killed Dissolution
 70601 | Slime:5  | Identified the +2 pair of gloves of Wisdom {Will+ Str+3
                  | Stlth-} (Okawaru gifted it to you on level 5 of the Pits of
                  | Slime)
 70601 | Slime:5  | Received a gift from Okawaru
 70726 | Slime:5  | Noticed the Royal Jelly
 70920 | Slime:5  | HP: 7/385 [rockslime[the Royal Jelly] (33)]
 70920 | Slime:5  | Demolished by a rockslime

Illustrated notes

Levels and vault maps discovered:
D:1:      dpeg_arrival_fog, layout_basic, chequers_ecumenical_altar_grove
D:2:      layout_basic, kennysheep_generic_room_10, uniq_jessica
D:3:      layout_basic, okawaru_gym_becter, serial_shops,
          nicolae_shop_rolling_square, uniq_crazy_yiuf_cottage
D:4:      layout_basic, nicolae_ashenzari_skybound,
          nicolae_elyvilon_peaceful_grove, cheibrodos_gnoll_hut
D:5:      layout_loops_ring, mainiacjoe_overflow_alcove_4,
          lemuel_zombie_altar_kikubaaqudgha, minmay_temple_entry_fiery,
          uniq_blork_the_orc
D:6:      minmay_spotlight, layout_cave_pools, gammafunk_ghost_abyssal_escape
D:7:      layout_gridville, tgw_trog, grunt_dithmenos_shadows,
          kennysheep_orc_sif_temple, hellmonk_guarded_unrand_lears
D:8:      layout_rooms, mainiacjoe_overflow_six_doors_small
D:9:      layout_basic, mainiacjoe_overflow_concentric_impassable,
          lemuel_doored_altar, serial_shops, nicolae_shop_trees,
          nicolae_shop_peninsula, nicolae_square_shop, nicolae_stop_n_shop_2,
          hangedman_decor_lopped, nicolae_elemental_shop, uniq_psyche
D:10:     layout_basic, demons_altar, vehumet_statue, ebering_ghost_xom,
          minmay_misc_feat_five, uniq_harold
D:11:     layout_irregular_city, david_lair_generic, david_orc_3, serial_shops,
          shop, hex_medium, minmay_protected_statue
D:12:     layout_gridville
D:13:     kennysheep_windowed_halls, layout_cave_pools, drop_trap,
          yredelemnul_altar_generic
D:14:     layout_roguey, lightli_vaults_fourway_checkpoint, bh_circular_ruins
D:15:     gammafunk_depths_entry_grave, layout_basic, gauntlet_entry_generic
Lair:1:   layout_layer_cave, serial_bayou_shore_b, lemuel_fruit_tree,
          uniq_joseph
Lair:2:   layout_cave_pods, spider_nest_entry_web_field
Lair:3:   layout_regular_city, nicolae_swamp_entry_splash_gauntlet,
          grunt_megastairs_1
Lair:4:   layout_roguey
Lair:5:   gammafunk_lair_ancient_temple, layout_loops_ring,
          minmay_slime_entry_oklob_open, basic_altar, grunt_megastairs_3
Swamp:1:  nicolae_swamp_wrong_neighborhood, layout_basic_swamp,
          evilmike_swamp_ruin_rubble_2, nicolae_swamp_bunyip_nook,
          uniq_josephine
Swamp:2:  layout_basic_swamp, infiniplex_staircase_pool
Swamp:3:  gammafunk_worm_tunnel, layout_basic_swamp, nicolae_swamp_oxbows,
          swamp_pool2, uniq_kirke
Swamp:4:  swamp, layout_basic_swamp
Spider:1: layout_spider_delve, nicolae_spider_moth_buddies
Spider:2: layout_spider_delve, uniq_louise
Spider:3: nicolae_spider_hilbert_zone_2 [nicolae_spider_hilbert_4_sides_1_open,
          nicolae_spider_hilbert_4_sides_1_open,
          nicolae_spider_hilbert_4_sides_1_open,
          nicolae_spider_hilbert_4_sides_1_open,
          nicolae_spider_hilbert_6_sides_1_open,
          nicolae_spider_hilbert_6_sides_1_open,
          nicolae_spider_hilbert_3_sides_1_open,
          nicolae_spider_hilbert_3_sides_1_open,
          nicolae_spider_hilbert_3_sides_1_open,
          nicolae_spider_hilbert_3_sides_1_open,
          nicolae_spider_hilbert_6_sides_1_open,
          nicolae_spider_hilbert_6_sides_1_open,
          nicolae_spider_hilbert_6_sides_1_open,
          nicolae_spider_hilbert_6_sides_1_open]
Spider:4: grunt_spider_rune_island
Slime:1:  layout_caves, cheibrodos_slime_lost_civilization_5
Slime:2:  layout_caves
Slime:3:  layout_caves
Slime:4:  layout_caves
Slime:5:  uniq_dissolution
Orc:1:    nicolae_orc_accident_2, layout_diamond_mine
Orc:2:    st_orc_pillars, layout_caves, nicolae_orc_lava_room
Elf:1:    eino_elf_arrival_altar, layout_rooms, minmay_elf_annihilation,
          uniq_roxanne
Elf:2:    elven_hall_of_blades_hangedman_original [nicolae_blade_little_rooms],
          layout_geoelf_octagon, serial_sigils, serial_sigils_hangedman_quiver,
          serial_sigils_hangedman_stare, serial_sigils_hangedman_clutch,
          serial_sigils_hangedman_gnaw, serial_sigils_hangedman_quiver,
          enter_trove_1, grunt_ministairs_3, st_stairs_13
Elf:3:    grunt_elf_hall_asides, layout_geoelf_diagonals,
          ebering_dispersal_statue_hall, uniq_aizul
Vaults:1: gammafunk_ghost_necromancy, hangedman_vaults_nails,
          vaults_standard_mumra_x, v_alt_pattern_5,
          nicolae_vaults_little_squares_2, vaults_dpeg_emergency_exit,
          nicolae_vaults_trapezoid_3, nicolae_vaults_border_crossing,
          vaults_room_hallway, nicolae_vaults_closet_pinwheel_1,
          layout_vaults_omnigrid
Vaults:2: ontoclasm_vaults_pinch, vaults_mumra_hexcomb, v_rooms_2,
          hangedman_vaults_capsules, nicolae_vaults_specimen_jars, v_misc_19,
          nicolae_vaults_puzzle_piece, nicolae_vaults_closet_pinwheel_5,
          nicolae_vaults_enemy_cabinets, layout_vaults_ring, serial_shops,
          nicolae_diamond_shop, uniq_mennas
Vaults:3: nicolae_vaults_triangles, hangedman_vaults_locks, v_pattern_4,
          minmay_crypt_entry_simple_corners, v_misc_17, v_misc_3,
          nicolae_vaults_little_squares_6, grunt_vaults_twisty,
          vaults_mumra_hex, vaults_dpeg_ring, nicolae_vaults_layer_cake_slice,
          ontoclasm_vaults_idyll, layout_vaults_big_room, uniq_nikola,
          uniq_asterion
Vaults:4: dpeg_vaults_monster_box, nicolae_vaults_little_squares_2,
          vaults_room_ringed_pool, nicolae_vaults_diagonal_hallway_6,
          nicolae_vaults_weapon_check, grunt_vaults_focal,
          nicolae_vaults_taking_the_gang_shopping, vaults_room_guarded_vault,
          v_misc_12, nicolae_vaults_network_star,
          nicolae_vaults_little_squares_2, nicolae_vaults_tetromino_L_1,
          nicolae_vaults_gold_heap, nicolae_vaults_closet_pinwheel_4,
          layout_vaults_omnicross
Vaults:5: serial_shops
Crypt:1:  minmay_shadows, layout_regular_city, uniq_frederick
Crypt:2:  layout_rooms, fountainhead
Crypt:3:  church_of_pain_bobbens, layout_chaotic_city, uniq_josephina
Depths:1: layout_cross, pf_hell_entry_tar_river,
          nicolae_hepliaklqana_hazy_memory, onia_ninara_cookie
Depths:2: minmay_angry_zag, layout_gridlike, enter_ziggurat_a,
          rand_demon_pan_entry_8, hell_entry, moated_statue,
          infiniplex_staircase_spiral_double
Depths:3: kennysheep_funnel, layout_cave_shapes, lightli_too_deep,
          grunt_decor_resistance, abyss_entry, infiniplex_staircase_pool_1
Depths:4: evilmike_zot_entry_castle, layout_gridlike, hell_entry,
          serial_bayou_pond_c

Skill      XL: |  1  2  3  4  5  6  7  8  9 10 11 12 13 14 15 16 17 18 19 20 21 22 23 24 25 |
---------------+----------------------------------------------------------------------------+-----
Fighting       | 4 5 7 8 9 10 12 13 15 16 18 19 21 23 24 26 27 | 27.0
Armour         | 4 5 6 7 8 9 10 11 12 13 14 15 16 18 19 20 21 22 24 27 | 27.0
Long Blades    | 3 4 5 6 7 9 12 14 15 16 17 18 19 20 22 23 25 27 | 27.0
Shields        | 4 5 7 10 12 13 15 17 19 21 22 24 25 26 27 | 27.0
Short Blades   | 1 4 6 8 9 |  9.2
Dodging        | 1 2 4 5 |  5.4
Invocations    | 1 2 3 4 10 12 | 12.5
Stealth        | 1 2 |  2.2
Evocations     | 1 |  1.2

Action                     |  1- 3 |  4- 6 |  7- 9 | 10-12 | 13-15 | 16-18 | 19-21 | 22-24 | 25-27 || total
---------------------------+-------+-------+-------+-------+-------+-------+-------+-------+-------++-------
  Melee: Long sword        |    78 |   130 |       |    83 |    80 |       |       |       |       ||   371
         Headbutt          |     5 |    32 |    80 |   195 |   435 |   646 |   853 |   853 |    85 ||  3184
         Dagger            |       |    15 |   377 |   276 |       |       |       |       |       ||   668
         Falchion          |       |       |       |   408 |  1480 |  2075 |  1756 |       |       ||  5719
         Double sword      |       |       |       |       |     8 |   191 |   878 |  2452 |   225 ||  3754
         Scimitar          |       |       |       |       |       |    89 |       |       |       ||    89
 Invoke: Heroism           |       |       |     2 |     5 |     7 |    11 |    22 |    22 |     2 ||    71
  Evoke: Wand              |       |       |       |       |     1 |     5 |    11 |       |       ||    17
    Use: Potion            |     4 |       |       |       |     7 |     4 |    15 |     5 |     1 ||    36
         Scroll            |       |     3 |     8 |     6 |    14 |     5 |    16 |    11 |     4 ||    67
   Stab: Distracted        |       |       |       |       |     1 |     1 |       |       |       ||     2
         Paralysed         |       |       |       |       |       |     1 |       |       |       ||     1
         Invisible         |       |       |       |       |       |       |     1 |       |       ||     1
 Armour: Scale mail        |    28 |       |       |       |       |       |       |       |       ||    28
         Chain mail        |     8 |    35 |    48 |   221 |       |       |       |       |       ||   312
         Plate armour      |       |    27 |    72 |       |       |       |       |       |       ||    99
         Crystal plate arm |       |       |       |    34 |   633 |  1404 |  1839 |  1896 |   127 ||  5933
  Dodge: Dodged            |    48 |    89 |   150 |   331 |   391 |   670 |   962 |  1028 |    63 ||  3732
  Block: Buckler           |    17 |    62 |   170 |   378 |   798 |  1700 |  1781 |  1817 |   126 ||  6849
         Reflection        |       |     1 |     4 |    13 |    29 |   102 |    90 |   110 |     3 ||   352
         Tower shield      |       |       |       |       |   258 |   127 |       |       |       ||   385
